 Dungeon Crawl Stone Soup version 0.18-a0-1523-gbe15c29 (webtiles) character file.

45010 mrath the Basher (level 13, -5/117 HPs)
             Began as a Minotaur Fighter on Mar 7, 2016.
             Was the Champion of Okawaru.
             Slain by a harpy (16 damage)
             ... summoned by Kirke
             ... on level 6 of the Lair of Beasts on Mar 8, 2016.
             The game lasted 02:03:20 (19244 turns).

mrath the Basher (Minotaur Fighter)                Turns: 19244, Time: 02:03:21

Health: -5/117     AC:  0    Str: 23    XL:     13   Next: 99%
Magic:  18/18      EV: 20    Int:  6    God:    Okawaru [******]
Gold:   1223       SH:  6    Dex: 12    Spells: 0 memorised, 12 levels left

rFire  . . .     SeeInvis .     (weapon currently unavailable)
rCold  . . .     Gourm    .     (armour currently unavailable)
rNeg   . . .     Faith    .     (shield currently unavailable)
rPois  .         Spirit   .     (helmet currently unavailable)
rElec  .         Dismiss  .     (cloak currently unavailable)
rCorr  .         Reflect  +     (gloves currently unavailable)
SustAt .         Harm     .     (boots currently unavailable)
MR     .....                    z - +6 amulet of reflection
Stlth  +.........               (ring currently unavailable)
                                (ring currently unavailable)

@: pig-form, studying Maces & Flails, very quick, not resistant to hostile
enchantments, very unstealthy
A: (retaliatory headbutt), (horns 0)
a: Heroism, Finesse, Renounce Religion


You were on level 6 of the Lair of Beasts.
You worshipped Okawaru.
Okawaru was exalted by your worship.
You were hungry.
You were a filthy swine.
You visited 3 branches of the dungeon, and saw 17 of its levels.
You also visited: Ice Cave.

You collected 1223 gold pieces.

Inventory:

Hand Weapons
 b - the +2 mace "Zeate" (melded) {elec, rElec Str+4 Int-4 Stlth+}
   (You found it on level 6 of the Dungeon)

   Occasionally, upon striking a foe, it will discharge some electrical energy
   and cause terrible harm.
   It affects your strength (+4).
   It affects your intelligence (-4).
   It insulates you from electricity.
   It makes you more stealthy.
 j - a +0 blowgun
 p - a +3 great mace of draining
 D - a +1 morningstar
 F - a +1 spear of flaming
Missiles
 e - 43 poisoned needles
 I - 2 tomahawks of returning (quivered)
 J - 16 curare-tipped needles
 S - 2 exploding tomahawks
 Z - 10 tomahawks
Armour
 c - a +0 shield (melded)
 r - a +1 hat (melded)
 w - a +2 pair of gloves of strength (melded)
 L - a +3 chain mail of fire resistance (melded)
 U - a +2 cloak (melded)
Rods
 M - a +4 iron rod (12/12)
   (You found it on level 6 of the Lair of Beasts)
Jewellery
 t - a ring of protection from cold (melded)
 z - a +6 amulet of reflection (around neck)
 G - a ring of positive energy (melded)
Wands
 k - a wand of iceblast (5/15)
 N - a wand of acid (8/15)
 O - a wand of acid (8/15)
Scrolls
 f - 2 scrolls of amnesia
 i - 2 scrolls of recharging
 n - 3 scrolls of magic mapping
 o - 8 scrolls of remove curse
 y - a scroll of fear
 A - a scroll of enchant weapon
 B - 2 scrolls of teleportation
 C - 4 scrolls of identify
 E - a scroll of holy word {unknown}
 Y - 3 scrolls of blinking
Potions
 d - 4 potions of might
 g - 6 potions of curing
 h - a potion of cancellation {unknown}
 m - 5 potions of lignification
 s - a potion of agility
 v - 2 potions of degeneration {unknown}
 x - 2 potions of invisibility {unknown}
Books
 l - a manual of Maces & Flails
Comestibles
 a - a slice of pizza
 q - a meat ration
 u - 3 bread rations
 H - 14 fruits
 K - 3 chunks of flesh
 X - 3 beef jerkies


   Skills:
 + Level 11.8 Fighting
 + Level 14.0 Maces & Flails
 + Level 11.8 Armour
 + Level 10.0 Dodging
 + Level 11.6 Shields
 + Level 8.2 Invocations
 + Level 7.7 Evocations


You had 12 spell levels left.
You didn't know any spells.

Dungeon Overview and Level Annotations

Branches:
Dungeon (10/15)            Temple (1/1) D:4            Lair (6/8) D:10
 Shoals (0/4) Lair:5        Snake (0/4) Lair:3          Orc (0/2) D:10
  Slime: Lair:6-8

Altars:
Ashenzari
Cheibriados
Dithmenos
Elyvilon
Fedhas
Gozag
Kikubaaqudgha
Makhleb
Nemelex Xobeh
Okawaru
Pakellas
Qazlal
Ru
Sif Muna
Trog
Vehumet
Xom
Yredelemnul
Zin
The Shining One

Annotations:
Lair:6 Kirke


Innate Abilities, Weirdness & Mutations

((You reflexively headbutt those who attack you in melee.))
((You have a pair of horns on your head.))


Message History

The harpy completely misses you. The harpy claws you!
The harpy closely misses you. The harpy misses you.
The harpy screeches!
The harpy closely misses you. The harpy completely misses you.
The harpy screeches!
The harpy claws you! The harpy closely misses you.
You block the harpy's attack. The harpy completely misses you.
The harpy screeches!
You block the harpy's attack. The harpy completely misses you.
The harpy screeches!
The harpy claws you!
You block the harpy's attack. x2; The harpy claws you!
* * * LOW HITPOINT WARNING * * *
The harpy screeches!
The harpy misses you. The harpy claws you.
* * * LOW HITPOINT WARNING * * *
The harpy screeches!
The harpy claws you!
* * * LOW HITPOINT WARNING * * *
You block the harpy's attack. The harpy claws you!
You die...

## ##.. ###...#
###.....###### #########
.#PP......#..###.......#
#.P.........##P#.......#
###.............H##.....#
##.#............hH.......#
#.#..........###.........##
P..#........##
#..#.†.....#####
...##.......#
####.hh.....##.###
..####.....##
#............#.#
########.#.#
###...h..........
.#...###..##
#................
......##...#
#......h.........
........##.#
#..P.............


You could see 2 harpies and 3 hogs.

Vanquished Creatures
  A frost giant (IceCv)
  Josephine (Lair:6)
  Erolcha (D:8)
  2 hydras (Lair:1)
  The ghost of nublet the Fighter, a novice CeFi of Ashenzari (D:10)
  A death knight (D:10)
  Sonja (Lair:3)
  The ghost of FrancescoMac the Fighter, a novice NaFi of Xom (D:6)
  Nergalle (D:10)
  The ghost of pario the Firebug, a novice DsFE of Cheibriados (D:8)
  A hill giant (D:10)
  Pikel (D:9)
  2 griffons (Lair:6)
  Maurice (D:7)
  A centaur zombie (D:10)
  A black mamba (Lair:1)
  4 elephants
  2 sirens (Lair:5)
  An ice statue (IceCv)
  11 spiny frogs
  A torpor snail (Lair:4)
  4 komodo dragons
  A rime drake (Lair:1)
  Grinder (D:5)
  26 polar bears
  2 merfolk (Lair:5)
  14 blink frogs
  A wyvern (D:4)
  5 wraiths (Lair:6)
  32 yaks
  A hog (Lair:6)
  A hungry ghost (D:5)
  Grum (D:8)
  5 hippogriffs
  22 wolves
  2 nagas (Lair:3)
  9 porcupines
  A soldier ant (D:10)
  11 water moccasins
  4 orc warriors
  6 black bears (Lair:2)
  2 ice beasts
  4 sky beasts
  An eye of draining (D:6)
  2 ogres
  5 phantoms
  4 centaurs
  6 crocodiles
  14 giant frogs
  A water moccasin zombie (D:10)
  A water moccasin skeleton (D:9)
  A scorpion (D:8)
  5 howler monkeys
  3 electric eels
  2 wasp zombies
  2 crimson imps
  7 hounds
  5 orc priests
  2 centaur skeletons
  Ijyb (D:2)
  2 giant frog skeletons
  Natasha (twice) (D:2)
  10 iguanas
  17 orc wizards
  2 hell rats (D:10)
  8 worker ants
  23 sheep
  A hound zombie (D:10)
  6 gnolls
  2 howler monkey skeletons (D:5)
  6 adders
  54 river rats
  A shadow imp (D:6)
  2 oozes
  3 adder zombies
  An adder skeleton (D:8)
  2 worms
  8 dart slugs
  3 giant geckos
  62 orcs
  6 bats
  4 giant cockroaches
  11 goblins
  4 hobgoblins
  6 jackals
  3 quokkas
  2 ball pythons
  A giant gecko zombie (D:5)
  5 giant newts
  12 kobolds
  9 rats
  4 fungi
  3 plants
539 creatures vanquished.

Vanquished Creatures (others)
  A polar bear (IceCv)
  A yak (IceCv)
  4 wolves (IceCv)
  4 slaves (D:9)
  An ogre (D:9)
  A centaur (D:10)
  An orc priest (D:9)
  2 worker ants
  An orc (D:9)
  6 fungi
  4 plants
26 creatures vanquished.

Grand Total: 565 creatures vanquished

Notes
Turn   | Place    | Note
--------------------------------------------------------------
     0 | D:1      | mrath the Minotaur Fighter began the quest for the Orb.
     0 | D:1      | Reached XP level 1. HP: 19/19 MP: 0/0
    80 | D:1      | Reached skill level 3 in Maces & Flails
   149 | D:1      | Reached XP level 2. HP: 17/26 MP: 1/1
   414 | D:1      | Reached skill level 4 in Maces & Flails
   467 | D:1      | Reached XP level 3. HP: 28/31 MP: 2/2
   830 | D:2      | Noticed Ijyb
   839 | D:2      | Killed Ijyb
   839 | D:2      | Reached skill level 5 in Maces & Flails
   839 | D:2      | Reached XP level 4. HP: 37/39 MP: 3/3
  1056 | D:2      | Found a burning altar of Makhleb.
  1462 | D:2      | Noticed Natasha
  1470 | D:2      | Killed Natasha
  1470 | D:2      | Reached skill level 6 in Maces & Flails
  1561 | D:2      | Noticed Natasha
  1578 | D:2      | Killed Natasha
  1578 | D:2      | Reached XP level 5. HP: 26/45 MP: 4/4
  1989 | D:3      | Reached skill level 7 in Maces & Flails
  2213 | D:3      | Found a burning altar of Makhleb.
  2682 | D:3      | Noticed a balrug
  2686 | D:3      | Noticed a hellwing
  2686 | D:3      | Noticed a hellwing
  3018 | D:4      | Found a staircase to the Ecumenical Temple.
  3260 | D:4      | Reached XP level 6. HP: 36/52 MP: 5/5
  3278 | Temple   | Entered the Ecumenical Temple
  3565 | D:4      | Noticed a wyvern
  3606 | D:4      | Killed a wyvern
  3606 | D:4      | Reached skill level 1 in Dodging
  3608 | D:4      | Reached XP level 7. HP: 29/59 MP: 6/6
  3734 | D:4      | Reached skill level 8 in Maces & Flails
  3837 | D:4      | Found a shattered altar of Ashenzari.
  3894 | D:4      | Found an ancient bone altar of Kikubaaqudgha.
  3895 | D:4      | Found a shimmering altar of Xom.
  4090 | D:5      | Entered Level 5 of the Dungeon
  4122 | D:5      | Noticed a hungry ghost
  4149 | D:5      | Killed a hungry ghost
  4149 | D:5      | Reached skill level 5 in Fighting
  4204 | D:5      | Reached skill level 5 in Shields
  4246 | D:5      | Found a snail-covered altar of Cheibriados.
  4337 | D:5      | Reached skill level 5 in Armour
  4590 | D:5      | Reached XP level 8. HP: 68/68 MP: 7/7
  4696 | D:5      | Found a deep blue altar of Sif Muna.
  4886 | D:5      | Noticed Grinder
  4892 | D:5      | Paralysed by Grinder for 5 turns
  4906 | D:5      | Killed Grinder
  5108 | D:6      | Noticed FrancescoMac's ghost (novice NaFi)
  5189 | D:6      | Killed FrancescoMac's ghost
  5189 | D:6      | Reached skill level 9 in Maces & Flails
  5189 | D:6      | Reached XP level 9. HP: 40/78 MP: 8/8
  5357 | D:6      | Got a crystal mace
  5491 | D:5      | Identified the +2 mace "Zeate" {elec, rElec Str+4 Int-4 Stlth+} (You found it on level 6 of the Dungeon)
  5568 | D:6      | Found an iron altar of Okawaru.
  5573 | D:6      | Found a bloodstained altar of Trog.
  5582 | D:6      | Became a worshipper of Warmaster Okawaru
  5787 | D:6      | Reached skill level 5 in Dodging
  6062 | D:6      | Found an opulent altar of Gozag.
  6189 | D:7      | Reached * piety under Okawaru
  6349 | D:7      | Reached skill level 1 in Evocations
  6373 | D:7      | Reached skill level 1 in Invocations
  6617 | D:8      | Noticed pario's ghost (novice DsFE)
  6623 | D:8      | Noticed Maurice
  6644 | D:8      | Killed pario's ghost
  6644 | D:8      | Reached ** piety under Okawaru
  6652 | D:8      | Reached skill level 10 in Maces & Flails
  6677 | D:7      | Killed Maurice
  6677 | D:7      | Reached XP level 10. HP: 27/86 MP: 10/10
  6942 | D:8      | Noticed Erolcha
  6973 | D:8      | Killed Erolcha
  6983 | D:8      | Found a sparkling altar of Nemelex Xobeh.
  7023 | D:8      | Found an oddly glowing altar of Pakellas.
  7147 | D:8      | Noticed Grum
  7167 | D:8      | Killed Grum
  7167 | D:8      | Reached *** piety under Okawaru
  7785 | D:9      | Found a white marble altar of Elyvilon.
  7993 | D:9      | Found a basalt altar of Yredelemnul.
  8053 | D:9      | Noticed Pikel
  8086 | D:9      | Killed Pikel
  8308 | D:9      | Reached **** piety under Okawaru
  8939 | D:9      | Reached XP level 11. HP: 95/95 MP: 13/13
  9044 | D:10     | Entered Level 10 of the Dungeon
  9069 | D:10     | Noticed nublet's ghost (novice CeFi)
  9087 | D:10     | Killed nublet's ghost
  9211 | D:10     | Found a staircase to the Orcish Mines.
  9279 | D:10     | Noticed Nergalle
  9591 | D:10     | Noticed a death knight
  9599 | D:10     | Killed a death knight
  9609 | D:10     | Reached ***** piety under Okawaru
 10040 | D:10     | Noticed a hill giant
 10049 | D:10     | Killed a hill giant
 10076 | D:10     | Killed Nergalle
 10076 | D:10     | Reached skill level 11 in Maces & Flails
 10076 | D:10     | Reached skill level 5 in Invocations
 10171 | D:10     | Found a staircase to the Lair.
 10191 | D:10     | Received a gift from Okawaru
 11305 | Lair:1   | Entered Level 1 of the Lair of Beasts
 11601 | Lair:1   | Noticed a seven-headed hydra
 11730 | Lair:1   | Reached skill level 5 in Evocations
 11890 | Lair:1   | Noticed a seven-headed hydra
 11916 | Lair:1   | Killed a seven-headed hydra
 12010 | Lair:1   | Killed a seven-headed hydra
 12121 | Lair:1   | Reached XP level 12. HP: 106/106 MP: 15/15
 12323 | Lair:1   | Reached skill level 10 in Armour
 12325 | Lair:1   | Received a gift from Okawaru
 12483 | Lair:2   | Reached ****** piety under Okawaru
 12489 | Lair:2   | Received a gift from Okawaru
 12494 | Lair:2   | Got a slimy great mace {god gift}
 12564 | Lair:2   | Reached skill level 10 in Shields
 13310 | Lair:2   | Identified a -3 rod of clouds (12/12) (You found it on level 2 of the Lair of Beasts)
 13879 | Lair:3   | Found a frozen archway.
 13886 | Lair:3   | Reached skill level 10 in Fighting
 13915 | IceCv    | Entered an ice cave
 14107 | IceCv    | Reached skill level 12 in Maces & Flails
 14477 | IceCv    | Received a gift from Okawaru
 15057 | IceCv    | Reached XP level 13. HP: 88/114 MP: 17/17
 15120 | IceCv    | Noticed a frost giant
 15214 | IceCv    | Killed a frost giant
 15214 | IceCv    | Received a gift from Okawaru
 15459 | Lair:3   | Found a staircase to the Snake Pit.
 15462 | Lair:3   | Noticed Sonja
 15476 | Lair:3   | Killed Sonja
 15706 | Lair:3   | Reached skill level 13 in Maces & Flails
 17718 | Lair:5   | Found a staircase to the Shoals.
 18458 | Lair:5   | Received a gift from Okawaru
 18677 | Lair:6   | Reached skill level 10 in Dodging
 18894 | Lair:6   | Noticed Josephine
 18997 | Lair:6   | Killed Josephine
 18997 | Lair:6   | Reached skill level 14 in Maces & Flails
 19199 | Lair:6   | Noticed Kirke
 19244 | Lair:6   | Slain by a harpy

Vault maps used:
D:1:      dpeg_arrival_simpleton_c, st_stairs_9
D:2:      nicolae_overflow_crystal_walls, first_bread, uniq_iyjb, uniq_natasha
D:3:      makhleb_altar_promises_db
D:4:      cheibrodos_ashenzari_chains, gammafunk_temple_overflow_pools,
          minmay_temple_entry_trees
D:5:      kennysheep_mini_moat, lemuel_coloured_pillars_altar, uniq_grinder
D:6:      grunt_temple_overflow_bloody_war, old_standard_altar
D:8:      nemelex_xobeh_ov_fountains_minmay, basic_altar, uniq_maurice,
          uniq_grum, uniq_erolcha
D:9:      kennysheep_ying_yang, uniq_pikel
D:10:     dpeg_lair_monsters, orc_0_dummy, uniq_nergalle
Temple:   minmay_temple_bridge_a_8
Lair:1:   serial_bayou_ford_a, st_stairs_12, beast_lair_carwin_5
Lair:2:   beast_lair_carwin_large_3
Lair:3:   guppyfry_snake_entry_garden, portal_ice_cave_entry_pillars_01,
          minivault_11, grunt_megastairs_3, uniq_sonja
Lair:4:   bh_autumn_forest_stairs
Lair:5:   elwin_shoals_entry_stream, roderic_lost_polar_bear, lemuel_fruit_tree,
          serial_bayou_shore_a
Lair:6:   tgw_fedhas, uniq_kirke, uniq_josephine
IceCv:    ice_cave_caverns_02

Skill      XL: |  1  2  3  4  5  6  7  8  9 10 11 12 13 |
---------------+----------------------------------------+-----
Maces & Flails | 3 4 5 6 7 8 9 10 11 12 14 | 14.0
Fighting       | 4 5 6 7 8 9 10 11 | 11.8
Armour         | 4 5 6 7 9 10 11 | 11.8
Dodging        | 1 3 4 6 7 8 9 10 | 10.0
Shields        | 4 5 6 7 8 9 10 11 | 11.6
Evocations     | 2 3 5 6 7 |  7.7
Invocations    | 2 4 5 7 8 |  8.2

Action                   |  1- 3 |  4- 6 |  7- 9 | 10-12 | 13-15 || total
-------------------------+-------+-------+-------+-------+-------++-------
Melee: Flail             |    75 |   139 |       |       |       ||   214
       Morningstar       |       |    19 |   179 |       |       ||   198
       Mace              |       |       |   150 |   771 |   532 ||  1453
Throw: Stone             |       |     2 |     5 |     1 |       ||     8
       Tomahawk          |       |       |     2 |     9 |     4 ||    15
Invok: Heroism           |       |       |     1 |     8 |     2 ||    11
       Finesse           |       |       |       |     2 |       ||     2
Evoke: Wand              |       |       |       |       |     5 ||     5
  Use: Scroll            |       |       |    12 |     4 |     5 ||    21
       Potion            |       |       |     1 |     1 |       ||     2
  Eat: Chunk             |       |     9 |    10 |    25 |    14 ||    58
       Beef jerky        |       |       |     1 |     1 |       ||     2
       Royal jelly       |       |       |       |     1 |       ||     1
